 Dungeon Crawl Stone Soup version 0.30-a0-137-gd8773701ce (webtiles) character file.

Game seed: 3443140253471768808

11742 spaghetti the Geomancer (level 12, 0/80 (87) HPs)
             Began as a Formicid Earth Elementalist on Sept 23, 2022.
             Was a Plaything of Xom.
             Slain by a soul eater (19 damage)
             ... in a Gauntlet.
             The game lasted 00:23:55 (13047 turns).

spaghetti the Geomancer (FoEE)                     Turns: 13047, Time: 00:23:55

HP:   0/80 (87)     AC:  3    Str: 20      XL:     12   Next: 11%
MP:   25/25         EV: 17    Int: 17      God:    Xom [..*...]
Gold: 1643          SH:  0    Dex: 15 (16) Spells: 17/30 levels left

rFire   . . .      SeeInvis +    L - +2 dagger (venom) {short}
rCold   . . .      Faith    .    (no shield)
rNeg    . . .      Spirit   .    B - +0 acid dragon scales
rPois   +          Reflect  .    (helmet unavailable)
rElec   .          Harm     .    (no cloak)
rCorr   +          Rampage  .    (no gloves)
Will    +....                    (no boots)
Stlth   +.........               (no amulet)
HPRegen 0.23/turn                T - ring of wizardry
MPRegen 0.19/turn                M - +4 ring of evasion

@: confused, ambrosia-drunk, studying Ranged Weapons, drained
A: permanent stasis, dig shafts and tunnels, antennae 3, four strong arms, agile
1, deformed body, sense surroundings 1, poison resistance, screaming 1, strong
2, wild magic 1, MP-powered wands
a: Dig, Renounce Religion


You were in a Gauntlet.
You worshipped Xom.
You were a toy of Xom.
You visited 2 branches of the dungeon, and saw 12 of its levels.
You also visited: Ossuary and Gauntlet.

You collected 1776 gold pieces.
You spent 133 gold pieces at shops.


Innate Abilities, Weirdness & Mutations

You cannot be hasted, slowed, berserked, paralysed or teleported.
You can dig through walls and to a lower floor.
You have a pair of large antennae on your head. (SInv)
Your four strong arms can wield two-handed weapons with a shield.
You are agile. (Dex +4, Str/Int -1)
Armour fits poorly on your strangely shaped body.
You passively map a small area around you.
Your system is resistant to poisons. (rPois)
You occasionally shout uncontrollably at your foes.
Your muscles are very strong. (Str +8, Int/Dex -2)
Your spells are a little harder to cast, but a little more powerful.
You expend magic power (3 MP) to strengthen your wands.


   Skills:
 + Level 5.9 Fighting
 + Level 4.8 Dodging
 - Level 2.4 Stealth
 * Level 6.1 Unarmed Combat
 + Level 9.6 Spellcasting
 + Level 9.6 Transmutations
 + Level 11.7 Earth Magic


You had 17 spell levels left.
You knew the following spells:

 Your Spells              Type           Power      Damage    Failure   Level
a - Sandblast             Erth           100%       2d20      1%          1
b - Petrify               Tmut/Erth      55%        N/A       1%          4
c - Statue Form           Tmut/Erth      36%        N/A       12%         6
d - Wereblood             Tmut           52%        N/A       1%          2

Your spell library contained the following spells:

 Spells                   Type           Power      Damage    Failure   Level
 Beastly Appendage        Tmut           100%       N/A       1%          1
 Passwall                 Tmut/Erth      45%        N/A       1%          2
 Stone Arrow              Conj/Erth      72%        3d11      2%          3
 Spider Form              Tmut/Pois      32%        N/A       3%          3
 Necrotise                Necr           40%        1d6       7%          1
 Ice Form                 Ice/Tmut       32%        N/A       9%          4
 Gell's Gravitas          Tloc           10%        N/A       19%         3
 Teleport Other           Tloc           10%        N/A       19%         3
 Vampiric Draining        Necr           10%        2d6       19%         3
 Hailstorm                Conj/Ice       10%        3d5       47%         4
 Agony                    Necr           10%        N/A       80%         5
 Metabolic Englaciation   Hex/Ice        5%         N/A       80%         5
 Dispersal                Tloc           5%         N/A       100%        6
 Simulacrum               Ice/Necr       5%         N/A       100%        6

Inventory:

Hand Weapons
 p - a +0 dagger {short}
   (Xom gifted it to you on level 6 of the Dungeon)
 L - a +2 dagger of venom (weapon) {short}
   (You found it on level 3 of the Dungeon)
 S - a +1 vampiric giant spiked club {mace}
   (You took it off an ogre on level 4 of the Dungeon)
Missiles
 h - 65 stones {throwing}
 l - 10 poisoned darts {throwing}
 m - a throwing net {=f!fthrowing}
 N - 13 boomerangs {throwing}
 Q - 2 curare-tipped darts {=fthrowing}
 U - a silver boomerang {throwing}
Armour
 a - a +0 robe
 e - a +2 robe of fire resistance
   (You took it off Jessica on level 3 of the Dungeon)
 x - a +0 troll leather armour
   (You found it on level 5 of the Dungeon)
 B - +0 acid dragon scales (worn)
   (You found it on level 9 of the Dungeon)
Jewellery
 i - a ring of positive energy
   (You found it in an ossuary)
 y - a +4 ring of protection
   (You found it on level 2 of the Dungeon)
 M - a +4 ring of evasion (right hand)
   (You found it on level 4 of the Dungeon)
 R - a +6 ring of strength
   (You found it on level 4 of the Dungeon)
 T - a ring of wizardry (left hand)
   (You found it on level 5 of the Dungeon)
Wands
 r - a wand of polymorph (8)
   (You found it on level 7 of the Dungeon)
 u - a wand of paralysis (11)
   (You found it on level 7 of the Dungeon)
 C - a wand of flame (7)
   (You found it on level 2 of the Dungeon)
 P - a wand of mindburst (8)
   (You found it on level 4 of the Dungeon)
Scrolls
 c - 2 scrolls of enchant armour
 d - 4 scrolls of immolation {!r!r}
 f - 3 scrolls of noise {!r}
 k - 2 scrolls of poison {!r}
 o - 5 scrolls of amnesia
 q - 5 scrolls of magic mapping {!r}
 s - 4 scrolls of fear
 D - 5 scrolls of teleportation {@r4}
 E - a scroll of enchant weapon
 K - 2 scrolls of butterflies
 O - 3 scrolls of blinking {!r}
Potions
 b - a potion of magic
 j - 3 potions of curing {@q1}
 n - a potion of cancellation
 t - a potion of mutation {!q}
 z - a potion of brilliance
 A - a potion of flight
 F - a potion of berserk rage {!q}
 G - a potion of lignification {unknown}

Dungeon Overview and Level Annotations

Branches:
Dungeon (13/15) Zot: 26994  Temple (0/1) D:5            Lair (0/5) D:10
    Orc (1/2) D:10 Zot: 5996 Ossuary (visited)         Gauntlet (1/1) Zot: 5326
 Vaults: D:13-14

Altars:
Ashenzari
Hepliaklqana
Okawaru
Qazlal
Sif Muna
Trog
Wu Jian
Xom
Zin

Shops:
D:9 ?

Annotations:
Gauntlet 12 transporters, 1 runed translucent door

..##.#©#?##...P...P...#. ©(###..
♣.#.#.#:#.#...#≈#≈#P..#. ##.###.♣
..##.#.#.##..P≈≈≈≈≈P..#. *.g#g#..
♣.#.#©#.#.#.♣.#≈#≈#P♣.#g. ©.gg#.♣
..##5#.#.##...≈≈≈≈≈P..#g#..##x#.P
♣.#5#5#.#.#..P#≈#≈#...###.###.#.♣
..##3#5#.##...........###.....#..
..#############################..
≈....#©.........@3........©#....≈
##...#######################...##
#≈.........#.[!§...#.........≈#
#≈≈..♣P..♣.#...8.h.#.♣.P.♣..≈≈#
####.......#8.8^8.8#.PPP...####
#≈..♣...##8.©.8##..P♣..≈#
#≈≈..P..#8.8^8.8#.....≈≈#
####..♣.#...8...#.♣..####
#≈...#..8#8..#...≈#


You could see a soul eater, 2 boggarts and a friendly hound (summoned).


Message History

Aim: a shadow imp (ally target, 84% to hit)
The blast of sand hits the shadow imp!
You kill the shadow imp!
Your hound bites the shadow imp.
The shadow imp barely misses you.
The soul eater fails to trigger a net trap. 😕 HP[+1] MP[-1]
You lost 1 mp, and now have 24/25 mp.
Casting: Sandblast (safe; 1% risk of failure)
Confirm with . or Enter, or press ? or * to list all spells.
Aiming: Sandblast (safe; 1% risk of failure)
Press: ? - help, Shift-Dir - straight line, f - shadow imp
Aim: a shadow imp (heavily wounded, ally target, 84% to hit)
The blast of sand hits the shadow imp!!
You kill the shadow imp!
The boggart shouts!
Your hound closely misses the soul eater.
The soul eater draws from the surrounding life force!
Your hound barely misses the soul eater.
The soul eater completely misses you.
Your hound bites the soul eater but does no damage.
The shadow imp misses you. 😕 HP[-6] MP[-1]
You take 6 damage, and now have 71/87 hp.
You lost 1 mp, and now have 23/25 mp.
Casting: Sandblast (safe; 1% risk of failure)
Confirm with . or Enter, or press ? or * to list all spells.
Aiming: Sandblast (safe; 1% risk of failure)
Press: ? - help, Shift-Dir - straight line, f - shadow imp
Aim: a shadow imp (84% to hit)
The blast of sand hits the shadow imp.
Your hound bites the soul eater.
The soul eater hits you but does no damage.
The shadow imp hits you.
Your hound barely misses the soul eater. 😕 HP[-4] MP[-1]
You take 4 damage, and now have 67/87 hp.
You lost 1 mp, and now have 22/25 mp.
Casting: Sandblast (safe; 1% risk of failure)
Confirm with . or Enter, or press ? or * to list all spells.
Aiming: Sandblast (safe; 1% risk of failure)
Press: ? - help, Shift-Dir - straight line, f/p - shadow imp
Aim: a shadow imp (moderately wounded, 84% to hit)
The blast of sand hits the shadow imp!!
You kill the shadow imp!
Your hound bites the soul eater but does no damage.
The soul eater hits you!!
You feel drained.
* * * LOW HITPOINT WARNING * * *
Your hound bites the soul eater but does no damage.
The soul eater misses you. 😨 HP[-32]
You now have 84 max hp (-3).
You take 32 damage, and now have 35/84 hp.
MASSIVE DAMAGE!! (PAUSE)
Casting: Sandblast (safe; 1% risk of failure)
Confirm with . or Enter, or press ? or * to list all spells.
Aiming: Sandblast (safe; 1% risk of failure)
Press: ? - help, Shift-Dir - straight line, f - soul eater
Aim: a soul eater (lightly wounded, ally target, 85% to hit)
The blast of sand hits the soul eater but does no damage.
Your hound bites the soul eater but does no damage.
Your hound barely misses the soul eater.
The soul eater hits you!
* * * LOW HITPOINT WARNING * * *
You feel drained.
* * * LOW HITPOINT WARNING * * *
😨 HP[-12] MP[-1]
You now have 82 max hp (-2).
You take 12 damage, and now have 23/82 hp.
You lost 1 mp, and now have 21/25 mp.
You are confused.
You feel invigorated.
Your hound bites the soul eater but does no damage.
The soul eater hits you.
* * * LOW HITPOINT WARNING * * *
You feel drained.
* * * LOW HITPOINT WARNING * * *
Your hound bites the soul eater but does no damage. 😨 HP[+1] MP[+4]
You now have 80 max hp (-2).
Your mp is fully restored (25).
Unknown command.
Unknown command.
Unknown command.
Unknown command.
The boggart shouts!
Your hound closely misses the soul eater. 😨 HP[+4]
You regained 4 hp, and now have 28/80 hp.
Unknown command.
The soul eater hits you!!
* * * LOW HITPOINT WARNING * * *
Your hound bites the soul eater but does no damage.
There is a transporter, spattered with blood here. 😱 HP[-13]
You take 13 damage, and now have 15/80 hp.
Unknown command.
Unknown command.
You enter the transporter and appear at another place.
The soul eater hits you!!
You die...
Xom howls with laughter!

Skill      XL: |  1  2  3  4  5  6  7  8  9 10 11 12 |
---------------+-------------------------------------+-----
Earth Magic    | 4 5 6 7 8 9 10 11 | 11.7
Spellcasting   | 3 4 5 6 7 8 9 |  9.6
Transmutations | 2 3 4 6 7 8 9 |  9.6
Fighting       | 4 5 |  5.9
Unarmed Combat | 3 5 6 |  6.1
Dodging        | 3 4 |  4.8
Stealth        | |  2.4

Action                   |  1- 3 |  4- 6 |  7- 9 | 10-12 || total
-------------------------+-------+-------+-------+-------++-------
Melee: Unarmed           |    10 |     5 |       |       ||    15
       Dagger            |       |    88 |   103 |   276 ||   467
       Kick              |       |    22 |    34 |    26 ||    82
       Peck              |       |     9 |     1 |       ||    10
       Punch             |       |       |     3 |    15 ||    18
 Cast: Sandblast         |    46 |    47 |    67 |   291 ||   451
       Statue Form       |       |       |     3 |    16 ||    19
       Petrify           |       |       |       |     3 ||     3
       Wereblood         |       |       |       |    10 ||    10
 Abil: Shaft Self        |       |       |       |     2 ||     2
Evoke: Wand              |       |       |       |     1 ||     1
  Use: Potion            |       |       |     3 |    19 ||    22
       Scroll            |       |       |     8 |    13 ||    21
 Stab: Sleeping          |       |     2 |     7 |     2 ||    11
       Distracted        |       |       |     1 |       ||     1
       Petrified         |       |       |       |     7 ||     7
       Invisible         |       |       |       |     3 ||     3
Armor: Robe              |     7 |    38 |    45 |       ||    90
       Skin              |       |       |    24 |   323 ||   347
       Troll leather arm |       |       |     1 |    19 ||    20
       Acid dragon scale |       |       |       |     7 ||     7
Dodge: Dodged            |    24 |    93 |   191 |  1111 ||  1419

Levels and vault maps discovered:
D:1:      sevenhm_arrival_forest_fort_large_3, layout_basic,
          hellmonk_ecumenical_altar_heavens_door, minmay_misc_feat_iff,
          amethyst_killhole
D:2:      minmay_general_purpose_star, layout_basic
D:3:      layout_basic, grunt_temple_overflow_bloody_war,
          nicolae_overflow_crystal_walls, mainiacjoe_overflow_big_doors,
          uniq_jessica
D:4:      layout_rooms, minmay_manual_mail, uniq_blork_the_orc
D:5:      kennysheep_windowed_halls, layout_rooms,
          nicolae_wu_jian_glorious_leap, minmay_temple_entry_glassed_door,
          uniq_duvessa
D:6:      layout_rooms, serial_rivers, chequers_serial_rivers_room_b,
          chequers_serial_rivers_micro_a, chequers_serial_rivers_micro_b,
          chequers_serial_rivers_small_a, chequers_serial_rivers_room_b,
          st_stairs_13
D:7:      hangedman_cross_stitches, layout_basic, general_overflow_altar,
          enter_ossuary_4, enter_bailey_2, serial_aquarium,
          aquarium_bridge_square [aquarium_subvault_balcony,
          aquarium_subvault_wall, aquarium_subvault_bridge,
          aquarium_subvault_window], aquarium_bridge_long_separate
          [aquarium_subvault_bridge, aquarium_subvault_bridge,
          aquarium_subvault_wall, aquarium_subvault_bridge,
          aquarium_subvault_bridge, aquarium_subvault_window],
          aquarium_window_1, aquarium_window_fake, aquarium_window_corridor_3,
          aquarium_window_1, aquarium_view_2f, aquarium_view_2b,
          nicolae_figureground_sparkle
D:8:      layout_loops_ring, overflow_temple_1_default, serial_rivers,
          chequers_serial_rivers_micro_d, chequers_serial_rivers_micro_c,
          chequers_serial_rivers_room_a, chequers_serial_rivers_micro_b
D:9:      layout_rooms, serial_shops, nicolae_shop_advertising_works
          [nicolae_subvault_shop_adworks], minmay_misc_feat_enclosed,
          nicolae_concentric_dashed_squares_wild
D:10:     layout_irregular_city, minmay_lair_entry_grove, zombieorc1_lemuel
D:13:     layout_big_octagon, david_vaults_5, gauntlet_entry_generic
Orc:1:    layout_caves, serial_shops, shop, abandoned_shop,
          guppyfry_library_mini
Gauntlet: minmay_gauntlet_77_tree [minmay_gauntlet_arena_77_terracotta_army,
          minmay_gauntlet_arena_77_p_blocks, minmay_gauntlet_arena_77_checkered,
          minmay_gauntlet_arena_77_broken_ladder, minmay_gauntlet_arena_77_path,
          minmay_gauntlet_arena_77_double_cross,
          minmay_gauntlet_arena_77_squiggly,
          nicolae_gauntlet_exit_dead_adventurers]

Notes
Turn   | Place    | Note
-------+----------+-------------------------------------------
     0 | D:1      | spaghetti the Formicid Earth Elementalist began the quest
                  | for the Orb.
     0 | D:1      | Reached XP level 1. HP: 13/13 MP: 3/3
     0 | D:1      | magus.rc [v1.9.6]
   308 | D:1      | Reached skill level 4 in Earth Magic
   308 | D:1      | Reached XP level 2. HP: 19/19 MP: 1/5
   935 | D:1      | Reached XP level 3. HP: 24/24 MP: 5/7
  1091 | D:1      | Reached skill level 3 in Spellcasting
  1387 | D:1      | Found a faded altar of an unknown god.
  1391 | D:1      | Prayed at the altar of an unknown god.
  1391 | D:1      | Became a worshipper of Xom of Chaos
  1825 | D:2      | Reached XP level 4. HP: 30/30 MP: 4/8
  1865 | D:2      | You add the spells Gell's Gravitas, Teleport Other and
                  | Dispersal to your library.
  1928 | D:2      | XOM: divination: detect items
  2221 | D:2      | Reached skill level 5 in Earth Magic
  2493 | D:2      | Learned a level 4 spell: Petrify
  2753 | D:2      | XOM: divination: detect items
  3055 | D:3      | Found a glowing silver altar of Zin.
  3085 | D:3      | XOM: give mutations
  3085 | D:3      | Gained mutation: You have large cloven feet. [Xom's grace]
  3085 | D:3      | Gained mutation: Your flesh is cold resistant. (rC+) [Xom's
                  | grace]
  3085 | D:3      | Gained mutation: You are somewhat resistant to further
                  | mutation. [Xom's grace]
  3114 | D:3      | Found an iron altar of Okawaru.
  3114 | D:3      | Found a bloodstained altar of Trog.
  3119 | D:3      | Reached XP level 5. HP: 35/35 MP: 7/10
  3181 | D:3      | Found a stormy altar of Qazlal.
  3293 | D:3      | XOM: butterfly on damage
  3300 | D:3      | XOM: cast spell 'Necromutation'
  3463 | D:3      | Reached skill level 2 in Transmutations
  3515 | D:3      | XOM: divination: detect creatures
  3562 | D:3      | Found a broken altar of Ashenzari.
  3578 | D:3      | Reached skill level 4 in Spellcasting
  3594 | D:3      | XOM: god gift: 1091 gold pieces
  3728 | D:3      | Noticed Jessica
  3732 | D:3      | Killed Jessica
  3733 | D:3      | Reached XP level 6. HP: 37/41 MP: 10/12
  3880 | D:3      | XOM: give mutations
  3880 | D:3      | Gained mutation: You passively map a small area around you.
                  | [Xom's grace]
  3880 | D:3      | Gained mutation: Your mind is acute. (Int +4, Str/Dex -1)
                  | [Xom's grace]
  3880 | D:3      | Gained mutation: You have a beak for a mouth. [Xom's grace]
  3880 | D:3      | Gained mutation: You passively map the area around you.
                  | [Xom's grace]
  4062 | D:4      | XOM: smoke on damage
  4232 | D:4      | Reached skill level 3 in Transmutations
  4232 | D:4      | Reached skill level 6 in Earth Magic
  4256 | D:4      | You pick up a book of Necromancy and begin reading...
  4256 | D:4      | You add the spells Necrotise, Vampiric Draining and Agony
                  | to your library.
  4275 | D:4      | XOM: summons 6 friendly demons
  4311 | D:4      | XOM: give mutations
  4311 | D:4      | Lost mutation: You are somewhat resistant to further
                  | mutation. [Xom's grace]
  4311 | D:4      | Gained mutation: You have hidden genetic potential. [Xom's
                  | grace]
  4311 | D:4      | Gained mutation: Your spells are a little harder to cast,
                  | but a little more powerful. [Xom's grace]
  4321 | D:4      | Reached XP level 7. HP: 46/46 MP: 12/14
  4330 | D:4      | Reached skill level 5 in Spellcasting
  4462 | D:4      | Gained mutation: You are agile. (Dex +4, Str/Int -1)
                  | [hidden potential]
  4515 | D:4      | Reached skill level 4 in Transmutations
  4518 | D:4      | XOM: butterfly on damage
  4519 | D:4      | HP: 9/46 [ogre/+0 giant club (9)]
  4522 | D:4      | Reached skill level 7 in Earth Magic
  4640 | D:4      | Reached XP level 8. HP: 52/52 MP: 13/16
  4730 | D:4      | XOM: give mutations
  4730 | D:4      | Lost mutation: You have a beak for a mouth. [Xom's
                  | mischief]
  4730 | D:4      | Lost mutation: You have hidden genetic potential. [Xom's
                  | mischief]
  4843 | D:4      | Noticed Blork the orc
  4854 | D:4      | XOM: smoke on damage
  4854 | D:4      | XOM: scenery: create altars
  4855 | D:4      | Killed Blork the orc
  4918 | D:4      | XOM: give mutation
  4918 | D:4      | Gained mutation: You are very agile. (Dex +8, Str/Int -2)
                  | [Xom's grace]
  5021 | D:5      | Entered Level 5 of the Dungeon
  5029 | D:5      | Reached skill level 5 in Transmutations
  5095 | D:5      | Noticed Duvessa
  5098 | D:5      | Reached skill level 6 in Spellcasting
  5102 | D:5      | Duvessa changed into Duvessa the shapeshifter
  5102 | D:5      | Noticed Duvessa (shapeshifter)
  5102 | D:5      | XOM: polymorph Duvessa -> Duvessa the shapeshifter
  5102 | D:5      | Duvessa the shapeshifter changed into Duvessa the meliai
  5102 | D:5      | Noticed Duvessa (shapeshifter)
  5104 | D:5      | Killed Duvessa the meliai
  5105 | D:5      | Reached skill level 8 in Earth Magic
  5119 | D:5      | XOM: give mutations
  5119 | D:5      | Gained mutation: Your movements are slightly less
                  | encumbered by armour. (ER -2) [Xom's grace]
  5119 | D:5      | Gained mutation: You are resistant to electric shocks.
                  | (rElec) [Xom's grace]
  5164 | D:5      | Reached skill level 6 in Transmutations
  5166 | D:5      | Noticed Dowan
  5168 | D:5      | XOM: enchant monster (good)
  5179 | D:5      | Killed Dowan
  5180 | D:5      | Reached XP level 9. HP: 48/57 MP: 18/18
  5362 | D:5      | Found an ornate altar of the Wu Jian Council.
  5555 | D:5      | Found a staircase to the Ecumenical Temple.
  5600 | D:5      | Reached skill level 7 in Spellcasting
  5603 | D:5      | Reached skill level 9 in Earth Magic
  5620 | D:5      | XOM: scenery: summon butterflies
  5786 | D:5      | Reached skill level 7 in Transmutations
  5962 | D:5      | XOM: god gift: long sword {god gift}
  6001 | D:5      | You pick up a book of Changes and begin reading...
  6001 | D:5      | You add the spells Beastly Appendage, Wereblood and Spider
                  | Form to your library.
  6003 | D:5      | Noticed a troll
  6003 | D:5      | Noticed a troll
  6008 | D:5      | Killed a troll
  6008 | D:5      | HP: 12/57 [troll (8)]
  6009 | D:5      | HP: 5/57 [troll (7)]
  6014 | D:5      | HP: 12/57 [troll (7)]
  6014 | D:5      | HP: 3/57 [troll (9)]
  6015 | D:5      | Killed a troll
  6033 | D:5      | You pick up a book of Sloth and begin reading...
  6033 | D:5      | You add the spells Metabolic Englaciation and Statue Form
                  | to your library.
  6037 | D:5      | XOM: god gift: scroll labelled LEVIKU BILOFRUM {god gift}
  6047 | D:5      | Learned a level 6 spell: Statue Form
  6422 | D:6      | XOM: summons friendly crimson imp
  6488 | D:5      | XOM: god gift: shortbow {god gift}
  6785 | D:6      | Reached XP level 10. HP: 64/64 MP: 16/21
  6828 | D:6      | Reached skill level 1 in Fighting
  6828 | D:6      | Reached skill level 1 in Unarmed Combat
  6828 | D:6      | Reached skill level 8 in Spellcasting
  6886 | D:6      | Reached skill level 10 in Earth Magic
  6951 | D:6      | XOM: cloud trail
  7161 | D:6      | Reached skill level 2 in Fighting
  7161 | D:6      | Reached skill level 8 in Transmutations
  7231 | D:6      | Reached skill level 2 in Unarmed Combat
  7342 | D:6      | XOM: give mutation
  7342 | D:6      | Gained mutation: Armour fits poorly on your strangely
                  | shaped body. [Xom's mischief]
  7595 | D:6      | XOM: god gift: dagger {god gift}
  7605 | D:6      | XOM: scenery: 1 doors close
  7659 | D:7      | Reached skill level 2 in Dodging
  7705 | D:7      | Found a sand-covered staircase.
  7715 | Ossuary  | Entered an ossuary
  7929 | Ossuary  | XOM: summons 1 hostile demon
  8099 | Ossuary  | Reached skill level 3 in Fighting
  8174 | Ossuary  | XOM: enchant monster (good)
  8246 | Ossuary  | XOM: god gift: book of the Tundra
  8247 | Ossuary  | You pick up a book of the Tundra and begin reading...
  8247 | Ossuary  | You add the spells Hailstorm, Ice Form and Simulacrum to
                  | your library.
  8301 | Ossuary  | Learned a level 2 spell: Wereblood
  8343 | D:7      | Reached skill level 3 in Unarmed Combat
  8345 | D:7      | Noticed a gargoyle
  8350 | D:7      | You fall into a shaft and drop 2 floors!
  8644 | D:8      | Noticed a komodo dragon
  8648 | D:8      | XOM: scenery: summon butterflies
  8667 | D:8      | Killed a komodo dragon
  8668 | D:8      | Reached skill level 3 in Dodging
  8755 | D:8      | Noticed a two-headed ogre
  8756 | D:8      | Found a shimmering blue altar of Sif Muna.
  8759 | D:8      | Killed a two-headed ogre
  8760 | D:8      | Reached skill level 4 in Fighting
  8760 | D:8      | Reached XP level 11. HP: 57/77 MP: 19/23
  9101 | D:7      | Reached skill level 11 in Earth Magic
  9160 | D:7      | XOM: cast spell 'Summon Cactus Giant'
  9161 | D:7      | HP: 3/77 [gargoyle/+0 mace (20)]
  9164 | D:7      | Reached skill level 4 in Unarmed Combat
  9164 | D:7      | Reached skill level 9 in Spellcasting
  9187 | D:7      | XOM: give mutations
  9187 | D:7      | Lost mutation: You are resistant to electric shocks.
                  | (rElec) [Xom's mischief]
  9187 | D:7      | Gained mutation: You have hidden genetic defects. [Xom's
                  | mischief]
  9187 | D:7      | Lost mutation: You have large cloven feet. [Xom's mischief]
  9246 | D:7      | HP: 20/101 [gargoyle/stone arrow (16)]
  9251 | D:7      | XOM: cleaving
  9258 | D:7      | Reached skill level 9 in Transmutations
  9395 | D:7      | Reached skill level 4 in Dodging
  9446 | D:7      | Gained mutation: You occasionally shout uncontrollably at
                  | your foes. [hidden defects]
  9867 | D:7      | Reached skill level 5 in Fighting
  9940 | D:7      | Found a hazy altar of Hepliaklqana.
 10290 | D:8      | XOM: noise
 10497 | D:9      | Reached skill level 5 in Unarmed Combat
 10504 | D:9      | XOM: enchant monster (good)
 10512 | D:9      | Lost mutation: You are very agile. (Dex +8, Str/Int -2)
                  | [hidden defects]
 10512 | D:9      | Lost mutation: You have hidden genetic defects. [hidden
                  | defects expressed]
 10707 | D:9      | XOM: enchant monster (good)
 10916 | D:9      | Found Tyuvvu's Magic Scroll Shop.
 10924 | D:9      | Bought a scroll of brand weapon for 133 gold pieces
 10997 | D:9      | XOM: noise
 11078 | D:9      | XOM: give mutations
 11078 | D:9      | Gained mutation: Your muscles are strong. (Str +4, Int/Dex
                  | -1) [Xom's grace]
 11078 | D:9      | Gained mutation: You expend magic power (3 MP) to
                  | strengthen your wands. [Xom's grace]
 11078 | D:9      | Gained mutation: Your muscles are very strong. (Str +8,
                  | Int/Dex -2) [Xom's grace]
 11078 | D:9      | Gained mutation: Your system is resistant to poisons.
                  | (rPois) [Xom's grace]
 11349 | D:9      | XOM: silly message
 11432 | D:9      | XOM: summons 5 hostile demons
 11433 | D:10     | Entered Level 10 of the Dungeon
 11513 | D:10     | Found a staircase to the Orcish Mines.
 11590 | Orc:1    | Entered Level 1 of the Orcish Mines
 11590 | Orc:1    | Noticed an orc sorcerer
 11592 | Orc:1    | XOM: cast spell 'Summon Dragon'
 11972 | D:10     | XOM: give mutations
 11972 | D:10     | Lost mutation: Your flesh is cold resistant. (rC+) [Xom's
                  | mischief]
 11972 | D:10     | Lost mutation: Your movements are slightly less encumbered
                  | by armour. (ER -2) [Xom's mischief]
 11972 | D:10     | Lost mutation: You passively map the area around you.
                  | [Xom's mischief]
 11972 | D:10     | Lost mutation: Your mind is acute. (Int +4, Str/Dex -1)
                  | [Xom's mischief]
 12050 | D:10     | HP: 26/104 [kobold demonologist/+0 dagger (5)]
 12054 | D:10     | Reached XP level 12. HP: 21/87 MP: 12/25
 12055 | D:10     | HP: 19/113 [gnoll sergeant/+0 trident (3)]
 12081 | D:10     | HP: 28/113 [iguana (4)]
 12376 | D:10     | Found a staircase to the Lair.
 12401 | D:10     | Reached skill level 6 in Unarmed Combat
 12407 | D:10     | HP: 22/113 [yak (7)]
 12414 | D:10     | HP: 28/113 [yak (5)]
 12415 | D:10     | HP: 13/113 [yak (4)]
 12420 | D:10     | HP: 22/113 [yak (11)]
 12421 | D:10     | XOM: summons 7 hostile demons
 12423 | D:10     | You fall into a shaft and drop 3 floors!
 12423 | D:13     | Found a gate leading to a gauntlet.
 12424 | D:13     | Noticed a centaur warrior
 12426 | D:13     | HP: 5/113 [centaur warrior/arrow (19)]
 12427 | Gauntlet | Entered a Gauntlet
 12427 | Gauntlet | Found a transporter.
 12429 | Gauntlet | Noticed a soul eater
 12456 | Gauntlet | HP: 9/87 [poisoned by a water moccasin]
 12511 | Gauntlet | XOM: summons 7 hostile demons
 12514 | Gauntlet | HP: 24/113 [iron imp[Xom] (6)]
 12523 | Gauntlet | HP: 26/113 [quasit[Xom] (1)]
 12528 | Gauntlet | HP: 18/113 [iron imp[Xom] (1)]
 12550 | Gauntlet | XOM: summons 2 hostile demons
 12835 | Gauntlet | Found a transporter.
 12838 | Gauntlet | Found a transporter.
 12849 | Gauntlet | Found a transporter.
 12852 | Gauntlet | Found a transporter.
 12860 | Gauntlet | Found a transporter.
 12860 | Gauntlet | Noticed a catoblepas
 12876 | Gauntlet | Found a transporter.
 12880 | Gauntlet | Found a runed translucent door.
 12888 | Gauntlet | Found a transporter.
 12888 | Gauntlet | Noticed a green death
 12893 | Gauntlet | Found a transporter.
 12896 | Gauntlet | Found a transporter.
 12901 | Gauntlet | Noticed a sixfirhy
 12903 | Gauntlet | Found a transporter.
 12903 | Gauntlet | Found a transporter.
 12925 | Gauntlet | Found a transporter.
 12942 | Gauntlet | Found a transporter.
 12996 | Gauntlet | XOM: summons 1 hostile demon
 13035 | Gauntlet | XOM: cast spell 'Call Canine Familiar'
 13046 | Gauntlet | HP: 15/80 [soul eater (19)]
 13047 | Gauntlet | Slain by a soul eater

Vanquished Creatures
  A two-headed ogre (D:8)
  A gargoyle (D:7)
  A komodo dragon (D:8)
  4 trolls
  A meliai (shapeshifter) (D:5)
  3 hornets
  A vampire (D:9)
  2 yaks (D:10)
  A shadow (D:10)
  4 wyverns
  A steam dragon (D:9)
  3 vampire mosquitoes (D:9)
  An acid dragon (D:9)
  4 water moccasins
  4 orc warriors
  3 ice beasts
  A sky beast (D:7)
  3 black bears
  7 ogres
  2 centaurs
  5 phantoms
  2 kobold brigands
  Blork the orc (D:4)
  3 bullfrogs
  3 necrophages
  4 gnoll sergeants
  14 scorpions
  A troll zombie (D:10)
  12 wights
  Dowan (D:5)
  4 howler monkeys
  A centaur zombie (Ossuary)
  3 hounds
  3 human zombies (Ossuary)
  5 orc priests
  2 gnoll boudas
  3 jellies
  4 iguanas
  Jessica (D:3)
  3 scorpion zombies (Ossuary)
  6 orc wizards
  5 ogre zombies (D:10)
  3 mummies (Ossuary)
  22 gnolls
  13 adders
  5 shadow imps
  3 white imps
  An ufetubus (D:5)
  2 worms
  5 dart slugs
  24 orcs
  8 ball pythons
  9 bats
  8 endoplasms
  3 giant cockroaches
  A gnoll zombie (Ossuary)
  4 goblins
  13 hobgoblins
  4 jackals (D:1)
  11 kobolds
  6 quokkas
  8 frilled lizards
  2 goblin skeletons (D:10)
  5 goblin zombies
  A hobgoblin skeleton (D:10)
  5 hobgoblin zombies
  2 kobold zombies (Ossuary)
  3 orc skeletons (D:10)
  11 orc zombies
  4 rats
  2 rat zombies (D:7)
322 creatures vanquished.

Vanquished Creatures (collateral kills)
  A gargoyle (D:7)
  A howler monkey (D:9)
  A jelly (D:4)
  2 orcs (D:9)
5 creatures vanquished.

Vanquished Creatures (others)
  A kobold demonologist (D:10)
  An orc warrior (D:9)
  A wight (D:9)
  An orc (D:7)
  A bush (D:10)
  8 fungi (D:10)
  20 plants (D:10)
33 creatures vanquished.

Grand Total: 360 creatures vanquished

Table legend:
 A = Non-vault XP
 B = Vault XP
 C = Vault XP percentage of total XP
 D = Non-vault monster count
 E = Vault monster count
 F = Vault count percentage of total count
                 A         B        C        D         E       F
            +---------+---------+-------+---------+---------+-------
      Total |    9796 |    6979 |  41.6 |     216 |     113 |  34.3
            +---------+---------+-------+---------+---------+-------
        D:1 |      55 |       0 |   0.0 |      29 |       0 |   0.0
        D:2 |      51 |       6 |  10.5 |      21 |       3 |  12.5
        D:3 |     123 |      51 |  29.3 |      25 |       2 |   7.4
        D:4 |     560 |     363 |  39.3 |      24 |       6 |  20.0
        D:5 |     986 |    1669 |  62.9 |      16 |      22 |  57.9
        D:6 |    1030 |     116 |  10.1 |      24 |       1 |   4.0
        D:7 |     933 |    2022 |  68.4 |      13 |      12 |  48.0
        D:8 |    2191 |       0 |   0.0 |      23 |       0 |   0.0
        D:9 |    2865 |       0 |   0.0 |      31 |       0 |   0.0
       D:10 |    1002 |    1629 |  61.9 |      10 |      33 |  76.7
    Ossuary |       0 |    1089 | 100.0 |       0 |      31 | 100.0
   Gauntlet |       0 |      34 | 100.0 |       0 |       3 | 100.0
            +---------+---------+-------+---------+---------+-------

Illustrated notes

Table legend:
 A = Kills in this place as a percentage of kills in entire the game.
 B = Kills by you in this place as a percentage of kills by you in the entire game.
 C = Kills by friends in this place as a percentage of kills by friends in the entire game.
 D = Other kills in this place as a percentage of other kills in the entire game.
 E = Experience gained in this place as a percentage of experience gained in the entire game.
 F = Experience gained in this place divided by the number of levels of this place that you have seen.
                   A       B       C       D       E      F
               +-------+-------+-------+-------+-------+----------------------
         Total | 100.0 | 100.0 | 100.0 | 100.0 | 100.0 | 1198.2
       Dungeon |  89.7 |  89.4 | 100.0 | 100.0 |  93.3 | 1422.9
       Ossuary |   9.4 |   9.6 |   0.0 |   0.0 |   6.5 | 1089.0
      Gauntlet |   0.9 |   0.9 |   0.0 |   0.0 |   0.2 |  34.0
               +-------+-------+-------+-------+-------+----------------------

Table legend: (Time is in decaauts)
 A = Elapsed time spent in this place.
 B = Non-inter-level travel time spent in this place.
 C = Inter-level travel time spent in this place.
 D = Time resting spent in this place.
 E = Time spent auto-exploring this place.
 F = Levels seen in this place.
 G = Mean time per level.
                   A        B        C        D        E       F      G
               +--------+--------+--------+--------+--------+-----+--------+
         Total |  13778 |  13323 |    455 |   1187 |   9618 |  14 |  984.1 |
       Dungeon |  12389 |  11934 |    455 |    800 |   8985 |  11 | 1126.3 |
  Orcish Mines |      3 |      3 |      0 |      0 |      0 |   1 |    3.0 |
       Ossuary |    712 |    712 |      0 |      0 |    467 |   1 |  712.0 |
      Gauntlet |    672 |    672 |      0 |    387 |    165 |   1 |  672.0 |
               +--------+--------+--------+--------+--------+-----+--------+

Top non-repeatable levels by time:
     D:5: 1819 daAuts
     D:1: 1731 daAuts
     D:9: 1257 daAuts
     D:7: 1223 daAuts
     D:3: 1196 daAuts
     D:2: 1153 daAuts
    D:10: 1075 daAuts
     D:6: 1028 daAuts
     D:4: 991 daAuts
     D:8: 907 daAuts
 Ossuary: 712 daAuts
Gauntlet: 672 daAuts
    D:13: 5 daAuts
   Orc:1: 3 daAuts
